Map: Arctic Dream LE

Players

qqq - Winner!

  • Race: Zerg Zerg
  • League: Platinum
  • Spawn Location: 12:00

Massa - Winner!

  • Race: Terran Terran
  • League: Platinum
  • Spawn Location: 11:00

HaryPL

  • Race: Terran Terran
  • Spawn Location: 5:00

Alwar

  • Race: Protoss Protoss
  • League: Diamond
  • Spawn Location: 6:00

VOD

Have the link to the VOD?

Description

Time

  • Played on: Dec. 3, 2020, 4:13 p.m.
  • Length: 19:46
Show
View Real Time Build Order
Export as new Build Order

qqq Zerg - Winner!

Build Orders: Hatch First, Lurkers 

Get SALT Encoding   

  12  0:00  Drone  
  13  0:09  Drone  
  14  0:37  Hatchery  
  14  0:40  Drone  
  14  0:48  Overlord  
  14  0:57  Extractor  
  14  1:01  Drone  
  14  1:12  Spawning Pool  
  14  1:17  Drone  
  14  1:28  Drone  
  14  1:29  Drone  
  14  1:30  Drone  
  17  1:48  Drone  
  17  1:49  Drone  
  19  1:59  Queen  
  21  2:05  Queen  
  23  2:12  Metabolic Boost  
  23  2:17  Drone  
  23  2:20  Drone  
  25  2:23  Drone  
  25  2:29  Overlord  
  26  2:33  Drone  
  26  2:38  Zergling x2  
  26  2:40  Drone  
  28  2:48  Zergling x4  
  28  2:49  Zergling x2  
  31  2:52  Zergling x2  
  32  3:00  Zergling x2  
  32  3:02  Zergling x2  
  34  3:07  Zergling x2  
  34  3:09  Zergling x2  
  36  3:15  Overlord, Baneling Nest  
  35  3:22  Zergling x2  
  35  3:23  Overlord  
  36  3:33  Zergling x6  
  39  3:35  Zergling x2  
  40  3:48  Zergling x2  
  40  3:49  Zergling x6  
  40  3:50  Drone  
  40  3:51  Zergling x2  
  40  3:53  Drone  
  47  4:05  Zergling x2  
  47  4:06  Zergling x2  
  49  4:21  Zergling x4  
  49  4:22  Zergling x2  
  49  4:23  Overlord  
  43  4:40  Zergling x4  
  43  4:41  Zergling x8  
  42  4:56  Zergling x4  
  42  5:13  Hatchery  
  35  5:26  Baneling x7  
  35  5:27  Baneling x5  
  35  5:28  Zergling x6  
  37  5:29  Zergling x10  
  37  5:30  Zergling x2  
  44  5:44  Lair  
  44  5:45  Drone  
  44  5:47  Drone x2, Zergling x2  
  36  6:24  Zergling x6  
  36  6:25  Drone x2, Zergling x6  
  39  6:29  Queen  
  39  6:30  Drone  
  42  6:38  Drone  
  43  6:44  Drone x3  
  43  6:46  Drone  
  47  6:51  Zergling x8  
  47  6:52  Zergling x2  
  52  6:56  Evolution Chamber  
  52  6:58  Evolution Chamber  
  50  7:05  Hatchery  
  49  7:09  Zergling x6  
  49  7:10  Zergling x12  
  51  7:33  Zerg Melee Weapons Level 1  
  51  7:34  Zerg Ground Armor Level 1, Infestation Pit  
  50  7:39  Hydralisk Den  
  50  7:40  Drone x4  
  50  7:41  Drone x3  
  51  8:00  Zergling x6, Overlord  
  51  8:01  Drone x2  
  51  8:02  Drone x4  
  51  8:03  Drone  
  61  8:06  Extractor  
  60  8:14  Drone x2  
  60  8:15  Drone x3  
  65  8:26  Centrifical Hooks  
  65  8:30  Zergling x2, Overlord  
  65  8:31  Zergling x2  
  65  8:32  Drone x2, Zergling x2  
  65  8:33  Zergling x2  
  71  8:35  Extractor  
  71  8:36  Extractor  
  69  8:44  Drone x2  
  69  8:45  Hydralisk  
  69  8:46  Hydralisk  
  75  8:58  Drone  
  75  8:59  Drone x4  
  80  9:06  Drone, Spore Crawler  
  80  9:12  Spore Crawler  
  79  9:24  Hive  
  79  9:31  Muscular Augments  
  79  9:33  Lurker Den, Zergling x4  
  79  9:34  Zergling x16  
  79  9:36  Overlord x5  
  88  9:40  Baneling x3  
  88  9:41  Baneling  
  88  9:42  Baneling  
  88  9:45  Extractor x2  
  86  9:57  Spore Crawler  
  85  10:00  Drone  
  85  10:01  Drone x7  
  85  10:02  Hydralisk  
  85  10:03  Hydralisk x3  
  85  10:05  Spore Crawler  
  100  10:12  Zerg Missile Weapons Level 1  
  100  10:14  Overlord  
  100  10:15  Drone, Overlord  
  100  10:16  Drone x2  
  103  10:25  Spine Crawler  
  103  10:26  Drone x2, Spine Crawler, Extractor  
  102  10:31  Hydralisk x2  
  106  10:36  Lurker x2  
  106  10:40  Hydralisk  
  106  10:42  Drone x3  
  113  10:43  Drone  
  113  10:47  Lurker  
  115  10:51  Seismic Spines  
  115  11:02  Hydralisk x4  
  123  11:05  Drone x4  
  123  11:06  Drone  
  128  11:13  Spine Crawler  
  128  11:14  Spine Crawler  
  126  11:26  Baneling x5  
  126  11:27  Baneling x6  
  124  11:40  Drone  
  124  11:41  Drone x2  
  112  12:05  Lurker x2  
  112  12:06  Hydralisk x2  
  112  12:07  Hydralisk x7  
  130  12:08  Drone  
  130  12:09  Drone  
  99  12:32  Drone x2  
  99  12:39  Lurker x2  
  99  12:44  Zerg Ground Armor Level 2, Zerg Melee Weapons Level 2  
  101  12:46  Zergling x4  
  101  12:47  Ultralisk Cavern, Zergling x14  
  101  12:48  Drone x2  
  111  12:56  Hatchery x2  
  109  13:00  Extractor  
  108  13:07  Baneling x5  
  108  13:08  Baneling x13  
  108  13:13  Lurker  
  108  13:14  Drone  
  108  13:15  Drone  
  111  13:32  Lurker x4  
  115  13:38  Zergling x2  
  115  13:39  Zergling x14  
  115  13:40  Zergling x10  
  97  14:10  Hydralisk x3, Ultralisk x3  
  97  14:11  Zergling x4  
  97  14:12  Drone, Zergling x4  
  97  14:13  Drone x4  
  130  14:22  Anabolic Synthesis  
  130  14:26  Baneling x5  
  130  14:27  Drone, Baneling  
  130  14:28  Drone x2  
  133  14:34  Drone x2, Extractor, Overlord x2  
  133  14:35  Overlord x3  
  133  14:36  Zergling x8, Overlord  
  133  14:37  Zergling x2  
  139  14:40  Baneling x2  
  119  15:04  Queen  
  121  15:10  Hydralisk, Zergling x2, Ultralisk  
  121  15:11  Hydralisk x4, Zergling x4  
  121  15:12  Zergling x6  
  121  15:13  Drone x4  
  121  15:14  Drone x2  
  149  15:23  Hatchery  
  149  15:24  Extractor  
  149  15:25  Drone x2  
  149  15:26  Hydralisk x3, Ultralisk  
  155  15:47  Ultralisk  
  155  15:48  Ultralisk  
  155  15:49  Hydralisk x4  
  169  15:50  Hydralisk x3  
  169  15:55  Baneling x9  
  169  15:56  Zergling x2  
  169  15:57  Zergling x6  
  184  15:58  Zergling x6  
  184  16:01  Overlord  
  188  16:06  Baneling x3  
  188  16:08  Chitinous Plating  
  188  16:17  Spine Crawler  
  187  16:19  Queen  
  187  16:20  Spine Crawler  
  187  16:21  Spine Crawler  
  187  16:29  Baneling  
  187  16:30  Baneling x13  
  187  16:31  Zergling x2  
  187  16:32  Zergling x16  
  196  16:36  Extractor  
  195  16:50  Spine Crawler  
  195  16:53  Spine Crawler x2  
  192  16:54  Spine Crawler  
  192  16:55  Spine Crawler  
  167  17:33  Ultralisk x4  
  167  17:34  Hydralisk x3, Zergling x10  
  167  17:37  Zergling x2  
  162  17:44  Hydralisk x2  
  162  17:45  Hydralisk x2  
  161  17:58  Ultralisk x3  
  167  18:00  Baneling  
  167  18:01  Baneling x5  
  163  18:12  Spine Crawler x2  
  142  18:13  Spine Crawler  
  142  18:14  Spine Crawler  
  142  18:15  Spine Crawler  
  142  18:16  Spine Crawler x2, Lurker x2  
  142  18:17  Lurker x3  
  142  18:18  Spine Crawler x2  
  139  18:25  Zergling x6  
  139  18:26  Hatchery, Zergling x6  
  144  18:32  Spine Crawler  
  121  18:53  Hydralisk x7  
  121  18:54  Hydralisk  
  135  19:29  Hatchery  
Show
View Real Time Build Order
Export as new Build Order

Massa Terran - Winner!

Build Orders: Reaper Expand 

Get SALT Encoding   

  12  0:00  SCV  
  13  0:12  SCV  
  14  0:21  Supply Depot  
  14  0:25  SCV  
  15  0:42  Refinery, SCV  
  16  0:46  Barracks  
  16  0:54  SCV  
  17  1:06  SCV  
  18  1:18  SCV  
  19  1:35  Orbital Command  
  19  1:44  Command Center  
  19  1:51  Reaper  
  19  1:53  Supply Depot  
  20  2:01  SCV  
  21  2:14  SCV  
  21  2:15  Barracks  
  22  2:36  SCV  
  22  2:40  Barracks Reactor  
  22  2:45  Command Center  
  22  2:50  Factory  
  22  2:56  SCV  
  23  2:58  Orbital Command  
  23  3:08  SCV, Engineering Bay  
  23  3:09  Barracks Tech Lab  
  24  3:20  SCV  
  24  3:21  Barracks  
  24  3:23  Marine  
  24  3:25  Marine  
  27  3:31  Stimpack  
  27  3:34  Marine  
  28  3:41  Marine  
  28  3:43  Marine  
  28  3:44  Factory Tech Lab  
  28  3:46  SCV x2  
  32  3:55  Marine  
  33  3:59  Marine  
  33  4:01  Marine  
  35  4:05  Refinery  
  35  4:06  SCV x3  
  38  4:13  Marauder  
  40  4:27  SCV x3  
  40  4:30  Barracks Tech Lab, Marine x2  
  45  4:34  Marauder  
  47  4:39  SCV x3  
  50  4:47  Marine  
  50  4:51  SCV x3, Marauder, Marine  
  57  4:56  Marauder  
  59  5:03  SCV x2  
  61  5:13  Refinery  
  61  5:15  Refinery  
  61  5:17  Supply Depot  
  61  5:21  Supply Depot  
  61  5:27  Combat Shield  
  61  5:32  Missile Turret  
  61  5:37  Missile Turret  
  61  5:39  Marine x2, Siege Tank  
  61  5:40  Supply Depot  
  61  5:42  SCV x2  
  68  5:44  Orbital Command  
  68  5:45  Supply Depot  
  68  5:54  SCV x2  
  70  6:02  Starport  
  70  6:04  Barracks  
  70  6:06  SCV x2  
  70  6:09  Marauder x2, Supply Depot  
  70  6:10  Marine x2  
  78  6:12  SCV  
  79  6:19  SCV x2  
  80  6:28  Marine x2  
  80  6:30  Siege Tank  
  80  6:31  Marauder x2  
  89  6:33  Terran Infantry Weapons Level 1  
  89  6:37  Armory  
  89  6:40  SCV x3  
  89  6:46  Marine x2  
  94  6:49  Barracks  
  94  6:51  Medivac  
  94  6:52  SCV, Marauder x2  
  101  7:02  Supply Depot  
  101  7:06  Missile Turret  
  101  7:11  Supply Depot  
  101  7:13  Barracks  
  101  7:18  Concussive Shells  
  101  7:24  SCV, Marauder, Marine x3, Medivac  
  101  7:26  Supply Depot x2  
  101  7:27  Supply Depot x2  
  101  7:29  Supply Depot x3  
  109  7:33  SCV x2, Marauder  
  109  7:36  SCV  
  112  7:45  SCV x2  
  112  7:46  Marauder  
  116  7:54  Marauder  
  116  7:55  Starport Reactor  
  116  7:57  Barracks Reactor, Barracks Tech Lab  
  116  7:58  Marine x2  
  120  8:07  Marauder  
  120  8:08  Siege Tank  
  125  8:13  Barracks Tech Lab  
  125  8:15  Marine  
  125  8:16  Marauder, Marine  
  129  8:26  Starport, Terran Vehicle And Ship Armor Level 1  
  129  8:27  Terran Infantry Armor Level 1  
  129  8:28  Marauder  
  129  8:32  Medivac  
  129  8:33  Marine  
  134  8:37  Marauder  
  134  8:38  Refinery  
  134  8:40  Refinery, Siege Tank  
  139  8:50  Marauder  
  139  8:51  Command Center  
  141  8:58  Command Center  
  141  8:59  Marauder  
  143  9:05  Marauder x2  
  143  9:07  Marine x4  
  151  9:11  Marauder  
  153  9:20  Marauder, Medivac x2  
  153  9:22  Starport Tech Lab  
  159  9:25  Marine x2  
  159  9:26  Marauder x2  
  165  9:33  Marauder  
  165  9:34  SCV x3  
  170  9:42  Cloaking Field  
  170  9:44  Smart Servos  
  170  9:46  Siege Tank  
  173  9:57  Supply Depot x2  
  173  10:00  Missile Turret  
  173  10:02  SCV x3  
  173  10:05  Planetary Fortress  
  176  10:12  Marauder x4, Marine x3  
  187  10:15  SCV x3  
  187  10:18  Siege Tank  
  187  10:20  Supply Depot  
  193  10:23  Supply Depot  
  193  10:27  SCV  
  194  10:32  Marine x4  
  194  10:33  Marauder  
  200  10:40  Engineering Bay  
  200  10:44  Planetary Fortress, Supply Depot  
  173  11:49  Marauder x4, Marine  
  173  11:50  Siege Tank  
  165  11:54  Medivac x3  
  168  12:10  Marauder  
  168  12:11  Marauder x3  
  161  12:19  Marine  
  161  12:20  Marine x3  
  161  12:22  Siege Tank  
  163  12:24  Medivac x3  
  169  12:32  Marauder x4  
  155  12:37  Marine x2  
  155  12:38  Marine  
  158  12:44  SCV  
  158  12:45  SCV x4  
  163  12:53  Marauder  
  163  12:54  Marauder x3, Viking, Medivac x2, Siege Tank  
  180  13:14  Marauder  
  180  13:15  Marauder x3  
  178  13:24  Viking x2  
  178  13:26  Siege Tank  
  151  13:34  Marine  
  151  13:35  Marine x3  
  151  13:36  Marauder x4  
  163  13:41  Sensor Tower  
  157  13:57  Marauder  
  157  13:58  Marauder x3, Siege Tank  
  152  14:05  Command Center  
  152  14:10  Medivac x2  
  152  14:12  SCV  
  152  14:13  SCV x3  
  152  14:14  Marine  
  161  14:19  Marauder x4  
  169  14:25  SCV  
  169  14:30  Siege Tank  
  156  14:40  Marauder x2  
  156  14:41  Marauder  
  156  14:43  Marauder, Marine  
  161  14:46  Viking x3  
  155  15:01  Marauder  
  155  15:02  Marauder  
  156  15:16  Viking, Medivac x2  
  162  15:30  Planetary Fortress  
  162  15:38  Terran Infantry Armor Level 2, Terran Infantry Weapons Level 2  
  162  15:39  Terran Vehicle And Ship Armor Level 2, Command Center  
  162  15:42  Armory  
  162  15:46  Viking x2  
  162  15:47  Fusion Core  
  162  15:49  Drilling Claws  
  166  15:51  Siege Tank  
  166  15:52  Marauder x4, Marine  
  178  16:01  Missile Turret  
  178  16:03  SCV  
  178  16:04  SCV x3  
  182  16:13  Marauder  
  182  16:14  Marauder x3  
  190  16:20  Refinery  
  190  16:21  Refinery  
  190  16:23  Refinery, Siege Tank  
  190  16:24  Refinery  
  193  16:35  Marauder x3  
  199  16:40  Advanced Ballistics  
  199  16:50  Missile Turret  
  199  16:51  Planetary Fortress  
  166  17:37  Marauder x4  
  166  17:38  Marine x3  
  166  17:39  Siege Tank  
  172  17:44  Liberator x3  
  185  17:58  Marauder x2  
  185  17:59  Marauder x2  
  189  18:11  Siege Tank  
  192  18:18  Marine x3  
  199  18:20  Marauder x2  
  199  18:41  Marauder  
  199  18:43  Siege Tank  
  189  19:02  Marauder  
Show
View Real Time Build Order
Export as new Build Order

HaryPL Terran 

Build Orders:  

Get SALT Encoding   

  12  0:00  SCV  
  13  0:12  SCV  
  14  0:18  Supply Depot  
  14  0:25  SCV  
  15  0:40  SCV  
  15  0:41  Barracks  
  16  0:52  SCV, Supply Depot  
  17  1:04  SCV  
  18  1:16  SCV  
  19  1:29  SCV  
  20  1:41  Marine  
  21  1:50  Command Center  
  21  1:55  Barracks  
  21  1:58  SCV, Marine  
  23  2:02  Refinery  
  22  2:25  Marine  
  22  2:26  SCV  
  24  2:38  SCV  
  24  2:43  Marine  
  26  2:50  Refinery, SCV  
  27  2:53  Barracks Tech Lab  
  27  2:56  Barracks  
  27  2:57  Supply Depot  
  27  3:02  SCV x2  
  29  3:12  Barracks Reactor  
  29  3:15  SCV x2  
  29  3:16  Marauder  
  33  3:20  Supply Depot  
  33  3:27  SCV  
  34  3:37  Factory  
  34  3:46  Barracks Reactor  
  34  3:48  SCV  
  35  3:50  Orbital Command  
  35  3:54  Supply Depot  
  35  3:56  Marine x2  
  35  3:57  Marine  
  35  4:00  SCV  
  39  4:06  Stimpack  
  39  4:10  Refinery  
  39  4:12  Refinery, SCV  
  39  4:16  SCV  
  41  4:18  Marine  
  41  4:21  Factory Tech Lab  
  42  4:24  SCV  
  42  4:28  Marine x3  
  46  4:42  Marine x2  
  39  4:46  Marine x3  
  42  5:00  Marine x2  
  42  5:04  Marine x3  
  43  5:09  Siege Tank  
  46  5:17  Marine  
  46  5:18  Marine  
  48  5:21  Marine x2  
  48  5:22  Marine  
  48  5:25  SCV  
  48  5:27  SCV  
  53  5:38  SCV  
  53  5:39  SCV  
  55  5:43  Engineering Bay  
  55  5:46  Siege Tank  
  58  5:50  SCV  
  58  5:51  SCV  
  58  5:55  Combat Shield  
  60  5:57  Marine x3  
  60  5:58  Marine  
  60  6:02  SCV  
  60  6:03  SCV  
  66  6:14  SCV  
  66  6:15  SCV  
  64  6:24  Siege Tank  
  56  6:26  SCV, Marine x5  
  62  6:35  Terran Infantry Weapons Level 1  
  62  6:40  Starport  
  62  6:44  Marine x5  
  62  6:46  Missile Turret  
  67  6:48  SCV  
  68  7:01  Marine x2  
  68  7:02  Orbital Command  
  68  7:07  Supply Depot  
  70  7:25  Marine  
  70  7:28  Marine x4  
  74  7:31  Starport Reactor  
  74  7:43  Marine  
  75  7:59  Marine x3  
  78  8:14  Marine x2  
  78  8:16  Marine x2  
  78  8:17  Marine  
  83  8:26  Command Center, Medivac x2  
  87  8:29  Terran Infantry Armor Level 1  
  87  8:32  Marine x2, Siege Tank  
  92  8:34  Marine x3  
  95  8:41  Missile Turret  
  95  8:48  Barracks  
  95  8:50  Marine x2  
  95  8:52  Marine x2  
  99  9:00  Medivac  
  101  9:06  Supply Depot  
  101  9:11  Marine, Missile Turret  
  102  9:27  Marine x3, Medivac  
  102  9:28  SCV  
  102  9:29  SCV, Armory, Supply Depot  
  110  9:37  Marine  
  111  9:39  Planetary Fortress  
  111  9:40  SCV  
  111  9:41  SCV  
  111  9:43  Barracks Reactor  
  111  9:45  Marine x3  
  115  9:50  Barracks Reactor, Barracks, Siege Tank  
  115  9:52  Supply Depot  
  118  9:53  SCV x2  
  118  9:55  Marine  
  121  10:00  Medivac  
  121  10:03  Marine x2, Medivac  
  121  10:05  SCV x2  
  129  10:15  Supply Depot  
  129  10:16  Marine x2  
  129  10:17  SCV x2, Engineering Bay  
  129  10:20  Marine x2  
  135  10:23  Marine x2  
  135  10:26  SCV  
  138  10:29  SCV x2  
  138  10:33  Marine  
  141  10:36  Marine, Medivac x2  
  141  10:38  Marine x2  
  141  10:41  SCV, Supply Depot  
  149  10:42  Terran Vehicle Weapons Level 1  
  149  10:45  Terran Infantry Weapons Level 2  
  149  10:49  Terran Infantry Armor Level 2  
  149  10:53  Refinery  
  149  10:57  Refinery  
  149  11:00  Barracks Reactor  
  149  11:02  Marine  
  149  11:03  SCV  
  151  11:05  Supply Depot  
  151  11:19  Marine x4  
  151  11:20  Marine x2  
  157  11:26  Marine x2  
  157  11:32  Siege Tank  
  162  11:37  Marine x3  
  162  11:52  Marine x3  
  165  11:55  Marine  
  165  11:56  Marine x2  
  165  11:57  Marine x2  
  165  11:59  Marine  
  165  12:01  Marine  
  160  12:04  Siege Tank  
  158  12:10  Marine  
  158  12:12  Marine  
  158  12:13  Marine  
  158  12:14  Marine x2  
  151  12:18  Marine  
  149  12:36  Marine  
  149  12:55  SCV, Marine x9, Siege Tank  
  162  12:59  Supply Depot  
  162  13:07  SCV  
  163  13:13  Marine x2  
  162  13:20  SCV  
  162  13:23  Command Center  
  133  13:32  SCV  
  134  13:34  Marine  
  134  13:35  Marine x8  
  143  13:44  SCV  
  141  13:52  Marine x2  
  141  13:53  Marine x4  
  99  14:14  Marine x2  
  99  14:15  Marine x7  
  102  14:32  Marine x4  
  102  14:33  Marine x3  
  102  14:37  SCV x2  
  100  14:45  Marine  
  90  14:47  Planetary Fortress  
  90  14:49  SCV  
  90  14:50  Marine x5, Missile Turret  
  90  14:51  Marine  
  97  14:52  Viking  
  97  14:53  Viking  
  97  14:55  Siege Tank  
  103  15:00  Barracks Reactor  
  96  15:09  Missile Turret  
  94  15:19  Marine x2  
  94  15:20  Marine x6  
  100  15:22  Viking  
  100  15:23  Viking  
  100  15:27  Siege Tank  
  107  15:29  Missile Turret  
  107  15:37  Marine x3  
  107  15:38  Marine  
  108  15:49  Marine x3  
  109  15:50  Marine x3  
  109  15:52  Viking  
  109  15:53  Viking  
  109  15:55  Marine x4  
  121  15:59  Siege Tank  
  121  16:03  Terran Infantry Armor Level 3  
  124  16:04  Terran Infantry Weapons Level 3  
  124  16:06  Terran Vehicle And Ship Armor Level 1  
  124  16:07  Marine x4  
  124  16:08  Marine x2  
  130  16:13  Marine x4  
  134  16:31  Siege Tank  
  137  16:36  Command Center  
  137  16:37  Marine  
  137  16:38  Marine x5  
  137  16:39  Marine x4  
  147  17:00  Marine  
  147  17:01  Marine x5  
  150  17:02  Marine x4  
  150  17:04  Siege Tank  
  160  17:18  Marine x2  
  160  17:19  Marine x6  
  160  17:20  Marine  
  168  17:34  Marine  
  168  17:36  Marine x3  
  168  17:37  Marine x5  
  167  18:02  Marine x4  
  167  18:03  Marine x6  
  143  18:20  Marine x5  
  143  18:21  Marine x5  
  153  18:38  Marine x4  
  78  19:03  Marine x5  
  78  19:04  Marine x5  
  62  19:21  Marine x5  
Show
View Real Time Build Order
Export as new Build Order

Alwar Protoss 

Build Orders:  

Get SALT Encoding   

  12  0:00  Probe  
  13  0:12  Probe  
  14  0:21  Pylon  
  14  0:24  Probe  
  15  0:39  Probe (Chrono Boost)  
  15  0:41  Gateway  
  17  0:50  Probe (Chrono Boost)  
  17  0:55  Probe (Chrono Boost), Gateway  
  18  1:11  Assimilator  
  18  1:14  Probe, Assimilator  
  19  1:26  Pylon  
  19  1:31  Cybernetics Core  
  19  1:37  Pylon  
  19  1:44  Probe  
  20  1:56  Probe  
  21  2:08  Stalker  
  21  2:10  Warp Gate (Chrono Boost)  
  23  2:28  Nexus  
  23  2:35  Probe (Chrono Boost)  
  24  2:43  Robotics Facility  
  24  2:46  Probe (Chrono Boost)  
  24  2:50  Probe (Chrono Boost)  
  26  3:02  Probe (Chrono Boost), Gateway  
  26  3:04  Sentry  
  29  3:12  Assimilator  
  29  3:14  Probe (Chrono Boost)  
  30  3:22  Probe (Chrono Boost), Assimilator  
  31  3:28  Probe  
  31  3:30  Pylon  
  31  3:33  Observer  
  34  3:42  Probe (Chrono Boost)  
  34  3:45  Probe (Chrono Boost)  
  35  3:51  Robotics Bay  
  35  3:52  Probe (Chrono Boost)  
  36  3:57  Probe (Chrono Boost)  
  36  3:59  Observer  
  36  4:02  Probe  
  39  4:09  Probe  
  40  4:14  Probe  
  40  4:16  Sentry  
  43  4:21  Probe  
  43  4:24  Sentry  
  44  4:41  Sentry x2  
  45  4:56  Sentry  
  47  5:06  Sentry  
  49  5:15  Sentry  
  51  5:23  Extended Thermal Lance (Chrono Boost)  
  51  5:29  Probe x2 (Chrono Boost)  
  53  5:39  Probe (Chrono Boost)  
  54  5:44  Pylon  
  54  5:59  Probe, Pylon  
  54  6:01  Gateway  
  54  6:02  Probe  
  54  6:03  Gateway  
  55  6:05  Twilight Council  
  55  6:11  Probe  
  55  6:15  Sentry x2  
  60  6:31  Colossus (Chrono Boost)  
  66  6:40  Nexus  
  66  6:41  Forge  
  66  6:44  Probe (Chrono Boost)  
  68  6:49  Probe (Chrono Boost)  
  68  6:53  Pylon  
  69  6:55  Probe (Chrono Boost)  
  69  6:57  Pylon  
  69  6:59  Probe (Chrono Boost), Pylon  
  69  7:01  Pylon  
  70  7:02  Pylon  
  70  7:11  Probe  
  71  7:18  Colossus  
  71  7:19  Assimilator  
  74  7:43  Stalker  
  74  7:44  Stalker x3  
  71  8:11  Stalker x4  
  81  8:13  Colossus (Chrono Boost)  
  85  8:25  Charge (Chrono Boost)  
  85  8:43  Observer, Stalker x4  
  85  8:44  Protoss Ground Weapons Level 1  
  93  8:52  Shield Battery  
  93  8:53  Shield Battery  
  93  8:55  Shield Battery  
  93  9:06  Nexus  
  93  9:09  Pylon  
  93  9:12  Pylon  
  93  9:23  Pylon  
  93  9:24  Pylon  
  93  9:26  Colossus  
  93  9:27  Probe  
  93  9:28  Probe  
  101  9:36  Photon Cannon  
  101  9:40  Probe x2  
  101  9:41  Photon Cannon  
  101  9:44  Shield Battery  
  103  9:46  Shield Battery  
  103  9:48  Shield Battery  
  103  9:52  Probe x2, Assimilator  
  105  9:56  Assimilator  
  105  10:04  Probe x2  
  107  10:16  Probe x2  
  107  10:20  Gateway  
  107  10:21  Observer  
  110  10:24  Gateway  
  110  10:27  Photon Cannon  
  110  10:28  Probe x2  
  112  10:29  Templar Archives  
  112  10:30  Photon Cannon  
  112  10:31  Gateway  
  112  10:35  Pylon  
  112  10:38  Pylon  
  112  10:39  Immortal (Chrono Boost)  
  116  10:43  Robotics Facility  
  116  10:46  Pylon  
  116  10:50  Protoss Shields Level 1 (Chrono Boost)  
  116  10:56  Probe x3  
  119  11:04  Photon Cannon  
  119  11:05  Pylon  
  119  11:08  Pylon  
  120  11:11  Observer  
  120  11:16  Psionic Storm, Zealot  
  120  11:17  Zealot x4  
  129  11:31  Zealot x2  
  103  11:59  Zealot x5  
  103  12:00  Zealot x2  
  91  12:23  High Templar  
  91  12:24  High Templar x5  
  91  12:26  Colossus (Chrono Boost)  
  108  12:43  Protoss Ground Weapons Level 2  
  108  12:45  Colossus (Chrono Boost)  
  108  12:46  Zealot  
  116  12:56  Nexus  
  116  12:59  Stalker x4  
  116  13:00  Stalker x2  
  128  13:12  Colossus  
  126  13:31  Stalker  
  126  13:32  Observer, Stalker x5  
  139  13:54  Observer  
  120  14:07  Observer  
  121  14:19  Stalker x4  
  121  14:20  Stalker  
  127  14:33  Stalker  
  127  14:34  Stalker  
  101  15:02  Stalker x7  
  101  15:04  Probe x3  
  112  15:07  Probe  
  113  15:16  Probe x3  
  113  15:19  Probe, Gateway x2  
  117  15:24  Gateway x2  
  117  15:25  Gateway, Pylon x2  
  118  15:28  Probe x2  
  118  15:30  Pylon  
  118  15:32  Pylon  
  118  15:33  Stalker x2  
  118  15:35  High Templar x4, Pylon  
  131  15:40  Stalker  
  133  15:54  Pylon  
  133  15:59  Pylon  
  133  16:05  Photon Cannon  
  133  16:06  Photon Cannon  
  133  16:09  Photon Cannon, Pylon, Stalker x4, Protoss Ground Weapons Level 3 (Chrono Boost)  
  133  16:10  Stalker  
  143  16:12  Assimilator  
  143  16:13  Colossus (Chrono Boost)  
  143  16:17  Pylon, Assimilator  
  149  16:40  Stalker x2  
  149  16:41  Stalker x3  
  149  16:42  Stalker  
  161  17:00  Shield Battery  
  161  17:02  Shield Battery x2  
  161  17:06  Shield Battery  
  161  17:08  Shield Battery  
  63  17:45  Zealot x6  
  63  17:46  Zealot x6  
  63  17:47  Immortal x2 (Chrono Boost)  
  39  18:07  High Templar x3  
  39  18:08  High Templar x7  
  39  18:09  High Templar x2  
  59  18:13  Archon x3  
  59  18:14  Archon x3  
  50  18:55  Zealot x4  
  56  19:19  Zealot  
  56  19:22  High Templar x2  
  61  19:26  Archon  
Tags
 
Add a new tag
Caveats
  • Supply blocks, unpowered buildings, or Contaminate may cause inaccurate times.
  • Supply counts are checked every 10 seconds.